 Dungeon Crawl Stone Soup version 0.31-a0-259-g771a54ca4b (webtiles) character file.

Game seed: 4402980102374635905

2 qw the Shooter (level 1, 0/15 (16) HPs)
             Began as a Minotaur Hexslinger on July 13, 2023.
             Slain by a kobold
             ... wielding a +0 dagger of draining
              (1 damage)
             ... on level 1 of the Dungeon.
             The game lasted 00:00:01 (36 turns).

qw the Shooter (Minotaur Hexslinger)                  Turns: 36, Time: 00:00:02

HP:   0/15 (16)     AC:  2    Str: 12    XL:     1   Next: 33%
MP:   1/1           EV: 12    Int: 10    God:
Gold: 24            SH:  0    Dex: 12    Spells: 1/2 levels left

rFire   . . .        a - +1 sling
rCold   . . .        (no shield)
rNeg    . . .        c - +0 robe
rPois   .            (helmet restricted)
rElec   .            (no cloak)
rCorr   .            (no gloves)
SInv    .            (no boots)
Will    .....        (no amulet)
Stlth   +            (no ring)
HPRegen 0.22/turn    (no ring)
MPRegen 0.07/turn

%: no passive effects
@: drained
A: horns 2, retaliatory headbutt
a: no special abilities


You were on level 1 of the Dungeon.
You visited 1 branch of the dungeon, and saw 1 of its levels.

You collected 24 gold pieces.


Innate Abilities, Weirdness & Mutations

You have a pair of horns on your head.
You reflexively headbutt those who attack you in melee.


   Skills:
 - Level 1.2 Fighting
 + Level 2.5 Ranged Weapons
 - Level 2.1 Dodging
 - Level 1.0 Spellcasting
 - Level 2.0 Hexes


You had one spell level left.
You knew the following spells:

 Your Spells              Type           Power      Damage    Failure   Level
a - Slow                  Hex            16%        N/A       16%         1

Your spell library contained the following spells:

 Spells                   Type           Power      Damage    Failure   Level
 Inner Flame              Hex/Fire       2%         N/A       56%         3
 Portal Projectile        Hex/Tloc       4%         N/A       56%         3
 Cause Fear               Hex            2%         N/A       83%         4

Inventory:

Hand Weapons
 a - a +1 sling (weapon)
Armour
 c - a +0 robe (worn)
Scrolls
 b - a scroll of poison
Potions
 d - 2 potions of haste {unknown}

Dungeon Overview and Level Annotations

Branches:
Dungeon (1/15)

Altars:


Message History

A ball python comes into view.
You shoot a sling bullet. The sling bullet hits the ball python.
The ball python hisses angrily.
The ball python is heavily wounded.
You hear a shout!
A kobold comes into view. It is wielding a +0 dagger.
You hear a shout!
You shoot a sling bullet.
The sling bullet barely misses the kobold.
A kobold comes into view. It is wielding a +0 dagger of draining.
You shoot a sling bullet.
The sling bullet barely misses the kobold.
The kobold shouts!
The kobold hits you with a +0 dagger.
A goblin comes into view. It is wielding a +0 dagger.
You shoot a sling bullet.
The sling bullet hits the kobold but does no damage.
The kobold hits you with a +0 dagger.
You shoot a sling bullet.
The sling bullet closely misses the kobold.
The kobold closely misses you.
You shoot a sling bullet.
The sling bullet closely misses the ball python.
The ball python bites you. The ball python grabs you.
The ball python constricts you. The kobold hits you with a +0 dagger.
A giant cockroach comes into view.
The ball python bites you. The ball python constricts you.
You shoot a sling bullet.
The sling bullet closely misses the ball python.
The kobold hits you with a +0 dagger. The ball python closely misses you.
The ball python constricts you.
You shoot a sling bullet. The sling bullet hits the ball python.
You kill the ball python!
The kobold hits you with a +0 dagger.
The kobold hits you with a +0 dagger of draining.
You feel drained.
You shoot a sling bullet.
The sling bullet closely misses the goblin.
The kobold hits you with a +0 dagger of draining.
You die...

#.# ... .#
#.#... .
..... . .
##.#.###
..##. ......
.....#+##.#.#
............#
##..KKB...#
#..g@....#
#.........#
#######+#.#
#.# #.# #.#
#.### #...#
###.#######


You could see a giant cockroach, a goblin and 2 kobolds.

Vanquished Creatures
  A ball python (D:1)
  An endoplasm (D:1)
2 creatures vanquished.

Notes
Turn   | Place    | Note
-------+----------+-------------------------------------------
     0 | D:1      | qw the Minotaur Hexslinger began the quest for the Orb.
     0 | D:1      | Reached XP level 1. HP: 16/16 MP: 1/1
     0 | D:1      | 0 ||| qw: Version: 0.3-a-52-g30416fa
     0 | D:1      | 0 ||| qw: Game counter: 6907
     0 | D:1      | 0 ||| qw: Melee chars always use a shield: true
     0 | D:1      | 0 ||| qw: God list: Okawaru
     0 | D:1      | 0 ||| qw: Allow faded altars: false
     0 | D:1      | 0 ||| qw: Do Orc after clearing Dungeon:15 true
     0 | D:1      | 0 ||| qw: Do second Lair branch before Depths: true
     0 | D:1      | 0 ||| qw: Lair rune preference: random
     0 | D:1      | 0 ||| qw: Goals: Normal
     0 | D:1      | 0 ||| PLANNING D:1-11
    34 | D:1      | HP: 4/16 [kobold/+0 dagger (2)]
    35 | D:1      | HP: 1/16 [kobold/+0 dagger of draining (1)]
    36 | D:1      | Slain by a kobold

Levels and vault maps discovered:
D:1:      ebering_trefoil_twist, layout_basic

Action                     || total
---------------------------++-------
   Fire: Sling             ||    11
  Dodge: Dodged            ||     2

Table legend:
 A = Non-vault XP
 B = Vault XP
 C = Vault XP percentage of total XP
 D = Non-vault monster count
 E = Vault monster count
 F = Vault count percentage of total count
                 A         B        C        D         E       F
            +---------+---------+-------+---------+---------+-------
      Total |       4 |       0 |   0.0 |       2 |       0 |   0.0
            +---------+---------+-------+---------+---------+-------
        D:1 |       4 |       0 |   0.0 |       2 |       0 |   0.0
            +---------+---------+-------+---------+---------+-------
